 Dungeon Sprint DCSS version 0.28-a0-268-g3f656e82c2 (webtiles) character file.

Game seed: 12893091912721248660

69013 Ankalagon the Hoplite (level 14, -14/147 HPs)
             Began as a Deep Dwarf Fighter on Aug 29, 2021.
             Was the Champion of Makhleb.
             Demolished by an iron giant (31 damage)
             ... in the Dungeon (Sprint V: "Ziggurat Sprint").
             The game lasted 00:17:35 (1248 turns).

Ankalagon the Hoplite (Deep Dwarf Fighter)          Turns: 1248, Time: 00:17:36

Health: -14/147    AC: 25    Str: 15    XL:     14   Next: 88%
Magic:  35/35 (17) EV: 22    Int: 16    God:    Makhleb [******]
Gold:   14         SH: 15    Dex: 24    Spells: 13/13 levels left

rFire   + . .      SeeInvis .   P - +7 Screaming Sword {vorpal, sonic wave}
rCold   . . .      Faith    +   C - +3 buckler
rNeg    + + .      Spirit   .   v - +1 pearl dragon scales
rPois   .          Reflect  .   G - +1 helmet of Welinuk {Rampage Regen+ Int+4 Dex+4}
rElec   +          Harm     .   (no cloak)
rCorr   +          Rampage  +   F - +0 pair of gloves "Miesacw" {Dex+2}
Will    ++...      NoTele   +   (no boots)
Stlth   ..........              I - amulet of faith
HPRegen 0.00/turn               T - ring of the Evil One {Drain +Blink MP+9 Int+2 Dex+2}
MPRegen 0.24/turn               Y - ring of Gozag's Whim {rElec rF+ rCorr MP+9 Str-5}

@: studying Short Blades, unable to read
A: damage resistance, heal wounds, negative energy resistance 1, sense
surroundings 2, no regeneration, fangs 1, iridescent scales 1, inability to read
while threatened
a: Heal Wounds, Renounce Religion, Evoke Blink, Minor Destruction, Lesser
Servant of Makhleb, Major Destruction, Greater Servant of Makhleb


You were in the Dungeon.
You worshipped Makhleb.
Makhleb was exalted by your worship.
You visited 1 branch You collected 14 gold pieces.

Inventory:

Hand Weapons
 P - the +7 Screaming Sword (weapon) {vorpal, sonic wave}
   (You found it in the Dungeon)

   It inflicts extra damage upon your enemies.
   It radiates damaging sonic waves as it strikes, especially in combat
   involving dangerous or numerous foes.
 Q - the +5 sword of Power {vorpal}
   (You found it in the Dungeon)

   It inflicts extra damage upon your enemies.
   It occasionally discharges a powerful but inaccurate bolt of energy upon
   striking a foe, with increased chance the greater the wielder's current
   health.
 R - the +9 sword of Zonguldrok {reap}
   (You found it in the Dungeon)

   Any living foe damaged by it may be reanimated upon death as a zombie
   friendly to the wielder, with an increasing chance as more damage is dealt.
Armour
 t - +5 fire dragon scales
 u - +5 ice dragon scales
 v - +1 pearl dragon scales (worn)
 x - +5 gold dragon scales
 y - a +5 crystal plate armour
 z - a +5 plate armour
 A - a +3 kite shield
 B - a +3 tower shield
 C - a +3 buckler (worn)
 F - the +0 pair of gloves "Miesacw" (worn) {Dex+2}
   (You found it in the Dungeon)

   Dex:       It affects your dexterity (+2).
 G - the +1 helmet of Welinuk (worn) {Rampage Regen+ Int+4 Dex+4}
   (You found it in the Dungeon)

   Int:       It affects your intelligence (+4).
   Dex:       It affects your dexterity (+4).
   Regen:     It increases your rate of health regeneration.
   Rampage:   It bestows one free step when moving towards enemies.
 O - the +18 shield of the Gong {rElec rN+ Will+ EV-5}
   (You found it in the Dungeon)

   It is deafeningly noisy when blocking attacks.
   EV:        It affects your evasion (-5).
   rElec:     It insulates you from electricity.
   rN:        It protects you from negative energy.
   Will:      It increases your willpower.
Jewellery
 c - a +4 ring of protection
 f - the ring of a Billion Heavens {rF+ rCorr Dex+3}
   (You found it in the Dungeon)

   [ring of resist corrosion]

   Dex:       It affects your dexterity (+3).
   rF:        It protects you from fire.
   rCorr:     It protects you from acid and corrosion.
 I - an amulet of faith (around neck)
 S - a ring of willpower
 T - the ring of the Evil One (left hand) {Drain +Blink MP+9 Int+2 Dex+2}
   (You found it in the Dungeon)

   [ring of magical power]

   Int:       It affects your intelligence (+2).
   Dex:       It affects your dexterity (+2).
   MP:        It affects your magic capacity (+9).
   +Blink:    It lets you blink.
   Drain:     It drains your maximum health when unequipped.
 Y - the ring of Gozag's Whim (right hand) {rElec rF+ rCorr MP+9 Str-5}
   (You found it in the Dungeon)

   [ring of resist corrosion]

   Str:       It affects your strength (-5).
   rF:        It protects you from fire.
   rElec:     It insulates you from electricity.
   MP:        It affects your magic capacity (+9).
   rCorr:     It protects you from acid and corrosion.
 Z - the ring "Eshal" {rF+ Will+ Stlth+}
   (You found it in the Dungeon)

   [ring of willpower]

   rF:        It protects you from fire.
   Will:      It increases your willpower.
   Stlth:     It makes you more stealthy.
Wands
 D - a wand of mindburst (5)
 E - a wand of iceblast (2)
 H - a wand of polymorph (8)
Scrolls
 b - 4 scrolls of enchant weapon
 j - 2 scrolls of blinking
 n - 6 scrolls of brand weapon
 o - 7 scrolls of fog
 p - a scroll of holy word
 q - 4 scrolls of identify
 r - 2 scrolls of fear
 s - 4 scrolls of amnesia
Potions
 d - 6 potions of might
 e - 10 potions of curing
 g - 9 potions of haste
 h - 7 potions of magic
 i - 3 potions of berserk rage
 k - 2 potions of brilliance
 l - 2 potions of invisibility
 m - 3 potions of resistance
Miscellaneous
 a - a phantom mirror
 w - a phantom mirror
 L - a phantom mirror
 M - a tin of tremorstones (2/2)
 N - a lightning rod (4/4)
 U - a box of beasts
 V - a phial of floods
 W - a tin of tremorstones (2/2)
 X - a condenser vane (quivered)


   Skills:
 - Level 15.6 Fighting
 - Level 16.0 Long Blades
 - Level 17.8 Armour
 - Level 17.6 Dodging
 + Level 24.0 Shields
 - Level 7.3 Invocations
 - Level 19.7 Evocations


You had 13 spell levels left.
You didn't know any spells.
Your spell library contained the following spells:

 Spells                   Type           Power      Damage    Failure   Level
 Corona                   Hex            0%         N/A       56%         1
 Foxfire                  Conj/Fire      0%         2x1d4     56%         1
 Magic Dart               Conj           0%         1d3       56%         1
 Pain                     Necr           0%         1d4       56%         1
 Sandblast                Erth           0%         2d4       56%         1
 Summon Small Mammal      Summ           0%         N/A       56%         1
 Corpse Rot               Necr/Air       N/A        N/A       71%         2
 Ensorcelled Hibernation  Hex/Ice        0%         N/A       71%         2
 Passwall                 Tmut/Erth      0%         N/A       71%         2
 Poisonous Vapours        Pois/Air       0%         N/A       71%         2
 Searing Ray              Conj           0%         3d3       71%         2
 Slow                     Hex            0%         N/A       71%         2
 Static Discharge         Conj/Air       0%         N/A       71%         2
 Confusing Touch          Hex            0%         N/A       91%         3
 Conjure Flame            Conj/Fire      0%         6-21      91%         3
 Frozen Ramparts          Ice            0%         1d2       91%         3
 Inner Flame              Hex/Fire       0%         N/A       91%         3
 Ozocubu's Armour         Ice            0%         N/A       91%         3
 Spider Form              Tmut/Pois      0%         N/A       91%         3
 Summon Guardian Golem    Hex/Summ       0%         N/A       91%         3
 Tukima's Dance           Hex            0%         N/A       91%         3
 Vampiric Draining        Necr           0%         2d6       91%         3
 Animate Armour           Summ/Erth      0%         N/A       100%        4
 Animate Dead             Necr           0%         N/A       100%        4
 Fulminant Prism          Conj/Hex       0%         3d6       100%        4
 Ice Form                 Ice/Tmut       0%         N/A       100%        4
 Leda's Liquefaction      Hex/Erth       0%         N/A       100%        4
 Olgreb's Toxic Radiance  Pois           0%         N/A       100%        4
 Passage of Golubria      Tloc           N/A        N/A       100%        4
 Summon Ice Beast         Ice/Summ       0%         N/A       100%        4
 Agony                    Necr           0%         N/A       100%        5
 Alistair's Intoxication  Tmut/Pois      0%         N/A       100%        5
 Bolt of Magma            Conj/Fire/Erth 0%         4d4       100%        5
 Borgnjor's Vile Clutch   Necr/Erth      0%         N/A       100%        5
 Excruciating Wounds      Necr           0%         N/A       100%        5
 Freezing Cloud           Conj/Ice/Air   0%         6-21      100%        5
 Iskenderun's Battlesphe  Conj           0%         2d6       100%        5
 Lee's Rapid Deconstruct  Erth           0%         3d5*      100%        5
 Manifold Assault         Tloc           0%         N/A       100%        5
 Silence                  Hex/Air        0%         N/A       100%        5
 Eringya's Noxious Bog    Tmut/Pois      0%         N/A       100%        6
 Iron Shot                Conj/Erth      0%         9d1       100%        6
 Statue Form              Tmut/Erth      0%         N/A       100%        6
 Orb of Destruction       Conj           0%         N/A       100%        7
 Ozocubu's Refrigeration  Ice            0%         4d5       100%        7
 Spellforged Servitor     Conj/Summ      0%         N/A       100%        7
 Borgnjor's Revivificati  Necr           0%         N/A       100%        8
 Ignition                 Fire           0%         3d3       100%        8
 Lehudib's Crystal Spear  Conj/Erth      0%         10d2      100%        8
 Chain Lightning          Conj/Air       0%         N/A       100%        9


Dungeon Overview and Level Annotations

Branches:
Dungeon (1/1)

Altars:
Ashenzari
Cheibriados
Dithmenos
Elyvilon
Fedhas
Gozag
Hepliaklqana
Kikubaaqudgha
Makhleb
Nemelex Xobeh
Okawaru
Qazlal
Ru
Sif Muna
Trog
Uskayaw
Vehumet
Wu Jian
Xom
Yredelemnul
Zin
The Shining One
Beogh
Jiyva
Lugonu


Innate Abilities, Weirdness & Mutations

You are resistant to damage.
You can heal yourself by infusing magical energy.
You resist negative energy. (rN+)
You passively map the area around you.
You do not regenerate.
You have very sharp teeth.
You are partially covered in iridescent scales. (AC +2)
You sometimes lose the ability to read scrolls when taking damage.


Message History

The iron giant is engulfed in blazing flames.
The iron giant throws the iron giant at you!
The iron golem misses you.
Unknown command.
Unknown command.
The tormentor is engulfed in blazing flames.
You block the iron giant's attack. The iron golem misses you.
Unknown command.
Unknown command.
You slice the iron giant!! Your bite misses the iron giant.
The iron giant is almost dead.
The reaper is engulfed in blazing flames.
The iron giant misses you.
The tormentor calls on the powers of darkness!
The iron giant convulses!
Your body is wracked with pain!
* * * LOW HITPOINT WARNING * * *
The iron giant convulses! x2
The iron giant is engulfed in blazing flames.
The iron giant throws the iron imp at you!
* * * LOW HITPOINT WARNING * * *
The reaper is engulfed in blazing flames.
The iron giant fires a harpoon shot at you.
The harpoon shot hits you!!
* * * LOW HITPOINT WARNING * * *
You are yanked forward by the harpoon shot.
The iron giant is engulfed in blazing flames.
You block the iron imp's attack.
The iron giant is engulfed in blazing flames.
The iron giant throws the iron giant at you!
Unknown command.
Unknown command.
You cannot read scrolls in your current state!
Unknown command.
Unknown command.
Okay, then.
Unknown command.
You feel much better. You block the tormentor's attack. x2
You block the iron giant's attack.
The iron giant hits you with a +0 giant spiked club!!
You die...

* , , ..........▓.............▓
,, ..§§§§§§§§▓............†▓ ,*
...§§§§§§.▓..▓.......▓.[▓ *
........§§C§5.▓. ▓▓.....▓▓▓[▓
..........§§4.▓..▓.......▓.[▓
,*, .........552.▓....)†....†[.▓
,, , ▓.......▓9Dh▓......©......▓
, . ▓▓.....▓▓▓2C▓▓▓▓▓▓▓▓▓▓▓▓▓▓▓
...▓.......▓.@5▓.....8©8.....▓
,,
.............C.▓.|=[...}..=[.▓ ,
.......©.......▓..}}|}[.[}[..▓
**▓▓▓▓▓▓▓▓▓▓▓▓▓▓▓▓.............▓
, ,▓.............▓ , * , , , , ,
▓.............▓ ,, , ,
▓.........††..▓ , , ,
▓..........††.▓ , * ,
▓..▓.....†.▓..▓


You could see a bone dragon, 3 iron giants, an iron golem, a reaper, a rust
devil, a tormentor, a hell hound and 4 iron imps.

Vanquished Creatures
  A titan (D)
  Frances (D)
  4 storm dragons (D)
  2 fire giants (D)
  Aizul (D)
  3 very ugly things (D)
  A reaper (D)
  An ironbound preserver (D)
  A vampire knight (D)
  A deep elf demonologist (D)
  A mummy priest (D)
  Josephine (D)
  A great orb of eyes (shapeshifter) (D)
  A great orb of eyes (D)
  2 ironbound thunderhulks (D)
  A rakshasa (D)
  A peacekeeper (D)
  7 spriggan air magi (D)
  2 hydras (D)
  A vault guard (D)
  2 death yaks (D)
  A satyr (shapeshifter) (D)
  2 death scarabs (D)
  3 dancing weapons (D)
  3 spriggan berserkers (D)
  3 hell hogs (D)
  A deep elf knight (D)
  Urug (D)
  A fire crab (shapeshifter) (D)
  A sea snake (shapeshifter) (D)
  A spriggan druid (D)
  4 necromancers (D)
  2 deep elf zephyrmancers (D)
  4 shining eyes (D)
  A shining eye (shapeshifter) (D)
  A salamander (shapeshifter) (D)
  10 ugly things (D)
  A manticore (shapeshifter) (D)
  A vault sentinel (D)
  A torpor snail (D)
  Maurice (D)
  An elephant (D)
  A black mamba (D)
  An apocalypse crab (D)
  A cane toad (D)
  A komodo dragon (D)
  A hellion (D)
  A yaktaur (shapeshifter) (D)
  An ice devil (D)
  2 rime drakes (shapeshifter) (D)
  2 tormentors (D)
  An ancient zyme (D)
  2 guardian mummies (D)
  A hornet (D)
  2 polar bears (D)
  2 jumping spiders (shapeshifter) (D)
  A raiju (D)
  A snapping turtle (shapeshifter) (D)
  A hornet (shapeshifter) (D)
  5 wind drakes (D)
  2 dream sheep (shapeshifter) (D)
  A raiju (shapeshifter) (D)
  Sigmund (D)
  3 spriggans (D)
  3 shadows (D)
  5 air elementals (D)
  3 vampires (D)
  A basilisk (shapeshifter) (D)
  An ushabti (D)
  A fire elemental (D)
  A golden eye (shapeshifter) (D)
  A yak (D)
  A fire bat (shapeshifter) (D)
  A basilisk (D)
  A human (shapeshifter) (D)
  3 neqoxecs (D)
  2 hell hounds (D)
  4 water moccasins (D)
  A black bear (D)
  2 black bears (shapeshifter) (D)
  3 necrophages (D)
  A wolf (D)
  2 phantoms (D)
  A bullfrog (D)
  A scorpion (shapeshifter) (D)
  Dowan (D)
  A small abomination (D)
  A killer bee (shapeshifter) (D)
  2 wights (D)
  A crimson imp (D)
  4 quasits (D)
  3 iron imps (D)
  Jessica (D)
  Ijyb (D)
  An iguana (D)
  5 mummies (D)
  2 white imps (D)
  3 adder zombies (D)
  3 orcs (D)
  2 bat zombies (D)
  2 jackals (D)
  A ball python simulacrum (D)
  2 ball python zombies (D)
  3 giant cockroach zombies (D)
  A jackal skeleton (D)
  2 quokka zombies (D)
  2 fire vortices (D)
197 creatures vanquished.

Vanquished Creatures (others)
  A fire giant (D)
  2 hell hogs (D)
3 creatures vanquished.

Grand Total: 200 creatures vanquished

Notes
Turn   | Place    | Note
-------+----------+-------------------------------------------
     0 | D        | Ankalagon the Deep Dwarf Fighter began the quest for the
                  | Orb.
     0 | D        | Reached XP level 1. HP: 20/20 MP: 1/1
     0 | D        | Found a shimmering blue altar of Sif Muna.
     0 | D        | Found a sacrificial altar of Ru.
     0 | D        | Found a bloodstained altar of Trog.
     0 | D        | Found a stormy altar of Qazlal.
     0 | D        | Found an iron altar of Okawaru.
     0 | D        | Found a sparkling altar of Nemelex Xobeh.
     0 | D        | Found a blossoming altar of Fedhas.
     0 | D        | Found the +6 Majin-Bo {vamp, MP+6 Int+6}
     0 | D        | Found the +9 heavy crossbow "Sniper" {vorpal, Acc+∞ SInv}
     0 | D        | Found the +10 dark maul {vorpal}
     0 | D        | Found the +15 Maxwell's patent armour {-Cast -Tele rElec
                  | Will+ rCorr}
     0 | D        | Found the +18 shield of the Gong {rElec rN+ Will+ EV-5}
     0 | D        | Found the +14 obsidian axe {vorpal, Drain Fly SInv}
     0 | D        | Found the +7 great mace "Firestarter" {inner flame, rF++}
     0 | D        | Found the +6 shillelagh "Devastator" {shatter}
     0 | D        | Found the +11 plutonium sword {Contam Stlth-}
     0 | D        | Found the +8 lance "Wyrmbane" {slay drac, rPois rF+ rC+
                  | AC+3}
     0 | D        | Found the +9 sword of Zonguldrok {reap}
     0 | D        | Found the +13 scythe of Curses {drain, Drain}
     0 | D        | Found the +5 sword of Power {vorpal}
     0 | D        | Found the +7 mace of Variability {chain chaos}
     0 | D        | Found the +7 Singing Sword {vorpal, sonic wave}
     0 | D        | Found the +8 storm bow {elec, penet}
     2 | D        | Found a transporter.
     2 | D        | Found an ancient bone altar of Kikubaaqudgha.
     2 | D        | Found a viscous altar of Jiyva.
     2 | D        | Found a corrupted altar of Lugonu.
     2 | D        | Found a hazy altar of Hepliaklqana.
     2 | D        | Found a burning altar of Makhleb.
     2 | D        | Found an opulent altar of Gozag.
     2 | D        | Banished a spatial maelstrom
     2 | D        | Banished a spatial maelstrom
    40 | D        | Became a worshipper of Makhleb the Destroyer
    47 | D        | Reached skill level 5 in Shields
    47 | D        | Reached XP level 2. HP: 30/30 MP: 2/2
    69 | D        | Entered arena 2.
    69 | D        | Noticed a black bear
    69 | D        | Noticed a human
    69 | D        | Found a transporter.
    72 | D        | Killed a human
    72 | D        | Killed a black bear
    73 | D        | Reached skill level 5 in Armour
    73 | D        | Reached XP level 3. HP: 40/40 MP: 3/3
    73 | D        | Reached XP level 4. HP: 48/48 MP: 4/4
    73 | D        | Reached XP level 5. HP: 55/55 MP: 5/5
    89 | D        | Entered arena 3.
    89 | D        | Found a transporter.
    90 | D        | Reached * piety under Makhleb
   102 | D        | Entered arena 4.
   102 | D        | Found a transporter.
   103 | D        | Reached ** piety under Makhleb
   106 | D        | Reached skill level 5 in Dodging
   106 | D        | Reached XP level 6. HP: 63/63 MP: 6/6
   110 | D        | Got the Handbook of the Creative Traveller
   117 | D        | Entered arena 5.
   117 | D        | Found a transporter.
   121 | D        | Reached *** piety under Makhleb
   136 | D        | Entered arena 6.
   136 | D        | Noticed a swamp drake
   136 | D        | Noticed a rime drake
   136 | D        | Noticed a rime drake
   136 | D        | Noticed a purple ugly thing
   136 | D        | a swamp drake changed into a killer bee
   136 | D        | Found a transporter.
   139 | D        | Killed a rime drake
   139 | D        | Reached **** piety under Makhleb
   140 | D        | Reached XP level 7. HP: 49/72 MP: 7/7
   140 | D        | Killed a rime drake
   141 | D        | Reached skill level 10 in Evocations
   141 | D        | Reached XP level 8. HP: 63/81 MP: 8/8
   141 | D        | Killed a purple ugly thing
   151 | D        | Got the ring of the Evil One {Drain +Blink MP+9 Int+2
                  | Dex+2}
   163 | D        | Entered arena 7.
   163 | D        | Noticed a spriggan druid
   163 | D        | Noticed a spriggan rider
   165 | D        | Reached ***** piety under Makhleb
   167 | D        | Killed a spriggan rider
   167 | D        | Killed a hornet
   167 | D        | Killed a spriggan druid
   168 | D        | Reached skill level 10 in Long Blades
   168 | D        | Reached skill level 10 in Armour
   168 | D        | Reached skill level 10 in Dodging
   168 | D        | Gained mutation: You passively map the area around you.
                  | [Deep Dwarf growth]
   168 | D        | Reached XP level 9. HP: 93/93 MP: 9/9
   171 | D        | Found a transporter.
   188 | D        | Entered arena 8.
   188 | D        | Found the +7 lajatang of Order {silver, rMut}
   188 | D        | Noticed a purple ugly thing
   188 | D        | Noticed a green ugly thing
   188 | D        | Noticed a shining eye
   188 | D        | Noticed a red ugly thing
   188 | D        | Noticed a purple ugly thing
   189 | D        | Gained mutation: You are frail. (-10% HP) [a shining eye]
   190 | D        | Reached skill level 10 in Fighting
   190 | D        | Gained mutation: You are clumsy. (Dex -2) [a shining eye]
   192 | D        | Killed a red ugly thing
   193 | D        | Killed a purple ugly thing
   193 | D        | Killed a red ugly thing
   193 | D        | Reached ****** piety under Makhleb
   194 | D        | Reached XP level 10. HP: 92/92 MP: 10/10
   194 | D        | Killed a purple ugly thing
   195 | D        | Killed a shining eye
   196 | D        | Found a transporter.
   213 | D        | Entered arena 9.
   213 | D        | Noticed an ironbound preserver
   213 | D        | Noticed a great orb of eyes
   213 | D        | Noticed an ironbound thunderhulk
   213 | D        | Noticed a vault sentinel
   213 | D        | Noticed a vault guard
   213 | D        | Noticed an ironbound thunderhulk
   213 | D        | Noticed a peacekeeper
   221 | D        | Killed a vault sentinel
   222 | D        | Killed a great orb of eyes
   223 | D        | Killed a vault guard
   224 | D        | Killed an ironbound preserver
   224 | D        | Killed an ironbound thunderhulk
   225 | D        | Reached skill level 15 in Evocations
   225 | D        | Reached XP level 11. HP: 68/102 MP: 11/11
   225 | D        | Killed an ironbound thunderhulk
   228 | D        | Killed a peacekeeper
   229 | D        | Found a transporter.
   238 | D        | Got Vehumet's Almanac of Damage Dealing
   349 | D        | Entered arena 10.
   358 | D        | Found a transporter.
   365 | D        | Got the ring of Gozag's Whim {rElec rF+ rCorr MP+9 Str-5}
   369 | D        | Got the Handbook of the Snowflakes and Necromancy
   376 | D        | Entered arena 11.
   376 | D        | Noticed a +0 hand axe of venom
   376 | D        | Noticed a +0 halberd of freezing
   376 | D        | Noticed a deep elf demonologist
   376 | D        | Noticed a deep elf zephyrmancer
   376 | D        | Noticed a deep elf knight
   376 | D        | Noticed a +4 scimitar of draining
   376 | D        | Noticed a deep elf zephyrmancer
   376 | D        | Paralysed by an air elemental for 1 turns
   381 | D        | Paralysed by an air elemental for 1 turns
   383 | D        | Paralysed by an air elemental for 1 turns
   392 | D        | Killed a +0 halberd of freezing
   392 | D        | Killed a deep elf knight
   392 | D        | Killed a +0 hand axe of venom
   393 | D        | Paralysed by an air elemental for 1 turns
   394 | D        | Noticed a soul eater
   397 | D        | Killed a +4 scimitar of draining
   398 | D        | Gained mutation: You are very frail. (-20% HP) [a neqoxec]
   401 | D        | Noticed a balrug
   402 | D        | Killed a deep elf demonologist
   403 | D        | Found a transporter.
   409 | D        | Killed a deep elf zephyrmancer
   410 | D        | Killed a deep elf zephyrmancer
   433 | D        | Got the ring "Eshal" {rF+ Will+ Stlth+}
   457 | D        | Entered arena 12.
   457 | D        | Noticed Frances
   457 | D        | Noticed Sigmund
   457 | D        | Noticed Jessica
   457 | D        | Noticed Josephine
   457 | D        | Noticed Urug
   457 | D        | Noticed Dowan
   458 | D        | Noticed Aizul
   459 | D        | Identified the +0 hand axe "Feuvoh" {vorpal, rC+ Str-4
                  | Dex+5}
   459 | D        | Noticed Maurice
   459 | D        | Identified the +3 morningstar "Eviscerator" {venom, rElec
                  | rN+}
   459 | D        | Noticed Ijyb
   461 | D        | Killed Ijyb
   461 | D        | Killed Jessica
   465 | D        | Killed Dowan
   466 | D        | Killed Sigmund
   467 | D        | Killed Josephine
   467 | D        | Killed Urug
   468 | D        | Reached XP level 12. HP: 61/100 MP: 12/12
   468 | D        | Killed Maurice
   470 | D        | Killed Aizul
   470 | D        | Killed Frances
   471 | D        | Reached skill level 15 in Armour
   471 | D        | Reached skill level 15 in Dodging
   476 | D        | Found a transporter.
   497 | D        | Entered arena 13.
   498 | D        | Noticed a rakshasa
   503 | D        | Found the +4 dagger "Morg" {pain, Will+ Int+5}
   509 | D        | Killed a rakshasa
   517 | D        | Found a transporter.
   639 | D        | Entered arena 14.
   644 | D        | Noticed a cyan very ugly thing
   644 | D        | Noticed a two-headed ogre
   645 | D        | Noticed a satyr
   645 | D        | a wolf spider changed into a satyr
   648 | D        | Killed a satyr
   650 | D        | a two-headed ogre changed into a manticore
   655 | D        | Reached skill level 15 in Long Blades
   659 | D        | Killed a cyan very ugly thing
   660 | D        | Found a transporter.
   701 | D        | Entered arena 15.
   707 | D        | Noticed a hell hog
   707 | D        | Noticed a fire giant
   707 | D        | Noticed a hell hog
   707 | D        | Noticed a hell hog
   707 | D        | Noticed a fire giant
   707 | D        | Noticed a hell hog
   707 | D        | Noticed a hell hog
   707 | D        | Noticed a fire giant
   716 | D        | Killed a hell hog
   716 | D        | Killed a hell hog
   716 | D        | Killed a hell hog
   717 | D        | Reached XP level 13. HP: 29/108 MP: 13/13
   719 | D        | Killed a fire giant
   722 | D        | Killed a fire giant
   725 | D        | Killed a fire giant
   730 | D        | Found a transporter.
   789 | D        | Entered arena 16.
   794 | D        | Noticed a mummy priest
   794 | D        | Found the +9 staff of Wucad Mu {*channel}
   800 | D        | Reached skill level 15 in Fighting
   807 | D        | Killed a mummy priest
   828 | D        | Found a transporter.
   836 | D        | Entered arena 17.
   843 | D        | Found the +3 sling "Punk" {acid, rCorr}
   848 | D        | Lost mutation: You are very frail. (-20% HP) [potion of
                  | mutation]
   848 | D        | Lost mutation: You are clumsy. (Dex -2) [potion of
                  | mutation]
   848 | D        | Lost mutation: You are frail. (-10% HP) [potion of
                  | mutation]
   848 | D        | Gained mutation: You are partially covered in iridescent
                  | scales. (AC +2) [potion of mutation]
   848 | D        | Gained mutation: You have very sharp teeth. [potion of
                  | mutation]
   857 | D        | Reached skill level 5 in Invocations
   857 | D        | Noticed a vampire knight
   862 | D        | Killed a vampire knight
   876 | D        | Found a transporter.
   911 | D        | Acquired a manual of Shields
   918 | D        | Entered arena 18.
   924 | D        | Noticed a storm dragon
   924 | D        | Noticed a storm dragon
   924 | D        | Noticed a titan
   925 | D        | Noticed a storm dragon
   931 | D        | Reached skill level 8 in Shields
   931 | D        | Identified the +8 broad axe "Xompul" {antimagic, *Slow
                  | rElec rPois rC-}
   933 | D        | Reached skill level 10 in Shields
   937 | D        | Noticed a storm dragon
   940 | D        | Reached skill level 11 in Shields
   943 | D        | Reached skill level 13 in Shields
   948 | D        | Killed a storm dragon
   949 | D        | Reached skill level 15 in Shields
   950 | D        | Killed a storm dragon
   951 | D        | Gained mutation: You resist negative energy. (rN+) [Deep
                  | Dwarf growth]
   951 | D        | Reached XP level 14. HP: 80/147 MP: 19/19
   954 | D        | Killed a storm dragon
   955 | D        | Reached skill level 16 in Shields
   957 | D        | Identified the +7 whip of Incongruity {pain, rCorr SInv}
   957 | D        | Identified the +1 robe "Wimoetz" {-Tele Int+5 Dex+3 Stlth+}
   961 | D        | Killed a storm dragon
   962 | D        | Reached skill level 17 in Shields
   970 | D        | Killed a titan
   971 | D        | Reached skill level 18 in Shields
   987 | D        | Found a transporter.
  1015 | D        | Entered arena 19.
  1021 | D        | Noticed a cyan very ugly thing
  1022 | D        | Gained mutation: You sometimes lose the ability to read
                  | scrolls when taking damage. [a neqoxec]
  1030 | D        | Noticed a white very ugly thing
  1035 | D        | Reached skill level 19 in Shields
  1035 | D        | Killed a cyan very ugly thing
  1036 | D        | Killed a white very ugly thing
  1037 | D        | Reached skill level 20 in Shields
  1058 | D        | Reached skill level 21 in Shields
  1065 | D        | Found a transporter.
  1071 | D        | Got the ring of a Billion Heavens {rF+ rCorr Dex+3}
  1081 | D        | Got the +0 pair of gloves "Miesacw" {Dex+2}
  1089 | D        | Got the +1 helmet of Welinuk {Rampage Regen+ Int+4 Dex+4}
  1125 | D        | Entered arena 20.
  1145 | D        | Reached skill level 22 in Shields
  1153 | D        | Reached skill level 23 in Shields
  1161 | D        | Identified the +7 flail of Moral Flaws {vorpal, Will+ Str+8
                  | Int+4}
  1177 | D        | Found a transporter.
  1183 | D        | Got Eplu's Handbook of Torrid Arcane Weapons
  1190 | D        | Got Arac's Disquisition on Unstable Envenoming
  1221 | D        | Entered arena 21.
  1230 | D        | Noticed a reaper
  1235 | D        | Noticed a reaper
  1236 | D        | Noticed a bone dragon
  1238 | D        | Identified the +7 fustibalus "Weoxyrie" {speed, *Corrode
                  | *Slow Str+7}
  1239 | D        | Noticed an iron giant
  1240 | D        | Noticed an iron giant
  1241 | D        | Noticed an iron giant
  1242 | D        | Killed a reaper
  1243 | D        | Reached skill level 24 in Shields
  1247 | D        | HP: 5/147 [iron giant/harpoon shot (15)]
  1248 | D        | Demolished by an iron giant

Illustrated notes

Levels and vault maps discovered:
D:        sprint_v [room_start, room_1, room_2, room_3, room_4, room_5, room_6,
          room_7, room_8, room_9, room_10, room_11, room_12, room_13, room_14,
          room_15, room_16, room_17, room_18, room_19, room_20, room_21,
          room_22, room_23, room_24, room_25, room_26, room_27]

Skill      XL: |  1  2  3  4  5  6  7  8  9 10 11 12 13 14 |
---------------+-------------------------------------------+-----
Fighting       | 4 6 7 8 9 10 11 13 14 15 | 15.6
Long Blades    | 4 6 7 8 10 11 12 14 15 16 | 16.0
Shields        | 5 15 24 | 24.0
Evocations     | 4 7 8 9 10 12 13 15 17 19 | 19.7
Armour         | 5 6 8 10 11 13 14 16 17 | 17.8
Dodging        | 4 5 7 10 11 12 14 16 17 | 17.6
Invocations    | 7 |  7.3

Action                   |  1- 3 |  4- 6 |  7- 9 | 10-12 | 13-15 || total
-------------------------+-------+-------+-------+-------+-------++-------
Melee: Double sword      |       |     4 |     4 |    31 |   140 ||   179
       Bite              |       |       |       |       |     8 ||     8
Invok: Major Destruction |       |       |       |       |     3 ||     3
 Abil: Heal Wounds       |       |       |       |       |     6 ||     6
Evoke: Lightning rod     |     3 |     8 |     9 |    41 |     6 ||    67
       Wand              |       |       |     1 |     5 |     8 ||    14
       Condenser vane    |       |       |       |       |     4 ||     4
  Use: Potion            |     1 |       |       |     7 |     7 ||    15
       Scroll            |       |       |       |     1 |     3 ||     4
Armor: Storm dragon scal |     1 |     3 |     1 |    40 |       ||    45
       Pearl dragon scal |       |       |       |       |    66 ||    66
Dodge: Dodged            |       |     4 |     3 |    48 |    96 ||   151
Block: Buckler           |     2 |     4 |     1 |    24 |    79 ||   110

Table legend: (Time is in decaauts)
 A = Elapsed time spent in this place.
 B = Non-inter-level travel time spent in this place.
 C = Inter-level travel time spent in this place.
 D = Time resting spent in this place.
 E = Time spent auto-exploring this place.
 F = Levels seen in this place.
 G = Mean time per level.
                   A        B        C        D        E       F      G
               +--------+--------+--------+--------+--------+-----+--------+
         Total |   1183 |   1183 |      0 |    203 |      0 |   1 | 1183.0 |
       Dungeon |   1183 |   1183 |      0 |    203 |      0 |   1 | 1183.0 |
               +--------+--------+--------+--------+--------+-----+--------+

Top non-repeatable levels by time:
       D: 1183 daAuts
